Cogmind - Beta 12 @@@ ROGUE MODE // 2023.04.05 @ 14:21:51 Player: Mr Goldstein Result: Destroyed by D-53 Grenadier with Mini Grenade Launcher Performance ------------- Evolutions (0) 0 Regions Visited (2) 400 Robots Destroyed (20) 100 Value Destroyed (209) 209 Prototype IDs (2) 40 Alien Tech Used (0) 0 Bonus (-196) -196 TOTAL SCORE: 553 Bonus ------- Friendly Fire -196 Cogmind --------- Core Integrity 0/250 Matter 278/300 Energy 99/100 System Corruption 0% Temperature Cool (0) Movement Rolling (80) Location -10/Mines Parts ------- > --- POWER (1) -------- (None) > --- PROPULSION (2) --- Wheel > --- UTILITY (2) ------ Medium Storage Unit > --- WEAPON (2) ------- (None) > --- INVENTORY (10) --- Ion Engine Compact Wheel Heat Sink High-capacity Matter Pod (200) Light Armor Plating Assault Rifle Assault Rifle Heavy Assault Rifle Heavy Assault Rifle Peak State ------------ > --- POWER ------------ Ion Engine > --- PROPULSION ------- Wheel Wheel > --- UTILITY ---------- Small Storage Unit Medium Storage Unit > --- WEAPON ----------- Heavy Assault Rifle Heavy Assault Rifle > --- INVENTORY -------- Light Ion Engine High-capacity Matter Pod Small Laser Assault Rifle Light Assault Rifle Heavy Assault Rifle Heavy Assault Rifle Grenade Launcher [Rating: 10] Favorites ----------- Power Ion Engine Engine Ion Engine Propulsion Wheel Wheel Wheel Utility Medium Storage Unit Storage Medium Storage Unit Processor Signal Interpreter Protection Light Armor Plating Weapon Heavy Assault Rifle Ballistic Gun Heavy Assault Rifle Launcher Grenade Launcher Build | -11 -10 -10 ------- Run | Jun Mat Min Slots Evolved . | . . . Power . | . . . Propulsion . | . . . Utility . | . . . Weapon . | . . . Parts Attached 14 | 7 6 1 Power 2 | 2 . . Engine 2 | 2 . . Core . | . . . Reactor . | . . . Propulsion 2 | 2 . . Treads . | . . . Leg . | . . . Wheel 2 | 2 . . Hover . | . . . Flight . | . . . Utility 4 | 1 3 . Device . | . . . Storage 2 | 1 1 . Processor 1 | . 1 . Hackware . | . . . Protection 1 | . 1 . Artifact . | . . . Weapon 6 | 2 3 1 Energy Gun . | . . . Energy Cannon . | . . . Ballistic Gun 5 | 2 2 1 Ballistic Cannon . | . . . Launcher 1 | . 1 . Special Weapon . | . . . Impact Weapon . | . . . Slashing Weapon . | . . . Piercing Weapon . | . . . Special Melee Weapon . | . . . Unidentified Prototypes . | . . . Parts Lost 5 | . . 5 Power 1 | . . 1 Propulsion . | . . . Utility 1 | . . 1 Weapon 3 | . . 3 Highest Loss Streak 5 | . . 5 To Critical Strikes 1 | . . 1 Average Slot Usage (%) 97 | . 97 97 Engine 13 | . 14 12 Wheel 27 | . 28 27 Storage 14 | . 14 14 Processor 7 | . 11 . Protection 4 | . . 13 Ballistic Gun 23 | . 28 14 Launcher 4 | . . 13 Naked Turns . | . . . Heaviest Build 26 | 13 26 24 Greatest Support 20 | 20 20 20 Greatest Overweight (x) 1 | 1 1 1 Average Overweight (x) . | . . . Largest Inventory Capacity 10 | 8 10 10 Average Capacity 9 | 7 9 10 Most Carried 10 | 5 10 10 Average Carried 8 | 1 8 9 Final Capacity 10 | 8 10 10 Final Carried 10 | 2 10 9 Class Distribution -------------------- 100% | Mutant Dominant Class ---------------- Mutant | -10/Materials Mutant | -10/Mines Resources | -11 -10 -10 ----------- Run | Jun Mat Min Matter Collected 808 | 209 517 82 Remotely . | . . . Salvage Created 456 | . 337 119 Parts 34 | . 24 10 Haulers Intercepted 1 | . 1 . Recyclers Shooed 1 | . 1 . Parts Field Recycled . | . . . Retrieved Matter . | . . . Parts Self-Destructed . | . . . Prevented . | . . . Kills | -11 -10 -10 ------- Run | Jun Mat Min Combat Hostiles Destroyed 24 | . 8 16 Guns 10 | . 8 2 AOE 14 | . . 14 Classes Destroyed 6 | . 5 1 Worker 3 | . 3 . Hauler 1 | . 1 . Recycler 1 | . 1 . Swarmer 12 | . 6 6 Grunt 3 | . 2 1 Assembled 10 | . . 10 Best Kill Streak 10 | . 5 10 Combat Bots Only 10 | . 3 10 Max Kills in Single Turn 3 | . 2 3 Gunslinging 1 | . 1 . Exploded 3 | . . 3 Melee . | . . . Uniques/NPCs Destroyed . | . . . Combat | -11 -10 -10 -------- Run | Jun Mat Min Damage Taken 782 | . 165 617 Core 255 | . 36 219 Absorbed by Shields . | . . . Core Remaining (%) 100 | 100 . . Volleys Fired 40 | . 29 11 Largest 2 | . 2 2 Hottest 53 | . 46 53 Shots Fired 78 | . 58 20 Gun 71 | . 58 13 Cannon . | . . . Launcher 7 | . . 7 Special . | . . . Kinetic 71 | . 58 13 Thermal . | . . . Explosive 7 | . . 7 Electromagnetic . | . . . Robot Hit Streak 6 | . 6 4 Robot Miss Streak 3 | . 2 3 Penetration Max . | . . . Secondary Targets 2 | . 1 1 Max Gunslinging Chain 1 | . 1 1 Shots Hit Robots 43 | . 35 8 Core Hits 51 | . 18 33 Critical Kills 1 | . 1 . Critical Parts Destroyed . | . . . Critical Strikes 1 | . 1 . Destroy 1 | . 1 . Melee Attacks . | . . . Impact . | . . . Slashing . | . . . Piercing . | . . . Sneak Attacks . | . . . Combat Hostiles . | . . . Follow-up Attacks . | . . . Damage Inflicted 1632 | . 528 1104 Guns 665 | . 528 137 Cannons . | . . . Explosions 967 | . . 967 Melee . | . . . Ramming . | . . . Kinetic 665 | . 528 137 Thermal . | . . . Explosive 967 | . . 967 Electromagnetic . | . . . Impact . | . . . Slashing . | . . . Piercing . | . . . Highest Corruption . | . . . Average Corruption . | . . . Corruption Purged . | . . . Corruption Blocked . | . . . Overload Shots . | . . . Overflow Damage 73 | . . 73 Projectiles . | . . . Explosions 73 | . . 73 Melee . | . . . Knockbacks . | . . . Impact . | . . . Kinetic . | . . . Secondary . | . . . Self-Inflicted Damage 103 | . . 103 Shots 4 | . . 4 Rammed . | . . . Targets Rammed . | . . . Kicked . | . . . Crushed . | . . . Highest Temperature 10 | . 10 . Average Temperature 7 | . 7 . Received Heat Transfer 26 | . 6 20 Siege Activations . | . . . Robots Corrupted . | . . . Combat Hostiles . | . . . Parts Fried . | . . . Impact Corruptions . | . . . Robots Melted . | . . . Combat Hostiles . | . . . Parts Melted . | . . . Heat Transferred . | . . . Parts Sabotaged . | . . . Parts Stolen . | . . . Parts Stripped . | . . . Power Chain Reactions . | . . . Missiles Intercepted . | . . . Alert | -11 -10 -10 ------- Run | Jun Mat Min Peak Influence 309 | . 309 228 Initial 42 | . . 42 Average 137 | . 122 205 Maximum Alert Level 1 | . 1 1 Low Security (%) 53 | 100 65 17 Level 1 46 | . 34 82 Level 2 . | . . . Level 3 . | . . . Level 4 . | . . . Level 5 . | . . . High Security . | . . . Max Security . | . . . Squads Dispatched 3 | . 3 . Investigation 1 | . 1 . Extermination . | . . . Reinforcement 2 | . 2 . Assault . | . . . Garrison . | . . . Intercept . | . . . Searches Triggered . | . . . Construction Impeded . | . . . Haulers Reinforced . | . . . Active Scanning Responses . | . . . Cargo Convoy Interrupts . | . . . Stealth | -11 -10 -10 --------- Run | Jun Mat Min Distress Signals . | . . . Communications Jammed . | . . . Distress Signals . | . . . Times Spotted 34 | . 11 23 Peak Tracking Total 18 | . 3 18 Tactical Retreats 3 | . 3 . Traps | -11 -10 -10 ------- Run | Jun Mat Min Traps Triggered 1 | . 1 . Indirectly . | . . . Trap Hack Attempts . | . . . Triggered . | . . . Disarmed . | . . . Reprogrammed . | . . . Reused . | . . . Traps Extracted . | . . . Installed . | . . . Triggered . | . . . Machines | -11 -10 -10 ---------- Run | Jun Mat Min Machines Disabled 2 | . 2 . Max in Single Turn 1 | . 1 . Machines Repaired . | . . . Machines Sabotaged . | . . . Overloaded Fab Kills . | . . . Hacking | -11 -10 -10 --------- Run | Jun Mat Min Machines Accessed 1 | . 1 . Terminals 1 | . 1 . Fabricators . | . . . Repair Stations . | . . . Recycling Units . | . . . Scanalyzers . | . . . Garrison Access . | . . . Total Hacks 2 | . 2 . Successful 2 | . 2 . Failed . | . . . Catastrophic . | . . . Database Lockouts . | . . . Manual . | . . . Terminals 2 | . 2 . Fabricators . | . . . Repair Stations . | . . . Recycling Units . | . . . Scanalyzers . | . . . Garrison Access . | . . . Terminal Hacks 2 | . 2 . Prototype ID Bank 1 | . 1 . Zone Layout 1 | . 1 . Fabricator Hacks . | . . . Repair Station Hacks . | . . . Recycling Unit Hacks . | . . . Scanalyzer . | . . . Garrison Access Hacks . | . . . Unauthorized Hacks . | . . . Terminals . | . . . Fabricators . | . . . Repair Stations . | . . . Recycling Units . | . . . Scanalyzers . | . . . Garrison Access . | . . . Data Cores Recovered . | . . . Used . | . . . Hacking Detections 1 | . 1 . Full Trace Events . | . . . Feedback Events . | . . . Feedback Blocked . | . . . Robot Schematics Acquired . | . . . Robots Built . | . . . Authchips . | . . . Time . | . . . Total Robot Build Rating . | . . . Part Schematics Acquired . | . . . Parts Built . | . . . Authchips . | . . . Time . | . . . Total Part Build Rating . | . . . Parts Repaired . | . . . Time . | . . . Parts Recycled . | . . . Recycled Matter . | . . . Retrieved Matter . | . . . Retrieved Components . | . . . Parts Scanalyzed . | . . . Part Schematics Acquired . | . . . Parts Damaged . | . . . Bothacking | -11 -10 -10 ------------ Run | Jun Mat Min Used RIF Installer . | . . . Robots Hacked . | . . . Non-combat . | . . . Combat . | . . . Robot Hacks Applied . | . . . Relay Couplers Released . | . . . Fabnet Peak Effective % . | . . . Robots Rewired . | . . . Allies Hacked . | . . . Hacks Repelled . | . . . Allies | -11 -10 -10 -------- Run | Jun Mat Min Total Allies 3 | . . 3 Largest Group 3 | . . 3 Highest-Rated Group 40 | . . 40 Highest-Rated Ally 16 | . . 16 Total Orders . | . . . Ally Attacks 3 | . . 3 Total Damage 45 | . . 45 Kills 1 | . . 1 Allies Corrupted . | . . . Allies Melted . | . . . Intel | -11 -10 -10 ------- Run | Jun Mat Min Robot Analysis Total . | . . . Derelict Logs Recovered 1 | . . 1 Drone Launches . | . . . Drone Recoveries . | . . . Exploration | -11 -10 -10 ------------- Run | Jun Mat Min Turns Passed 668 | 57 403 208 Spaces Moved 498 | 55 269 174 Core 13 | 13 . . Treads . | . . . Legs . | . . . Wheels 485 | 42 269 174 Hover . | . . . Flight . | . . . Fastest Speed 50 | 50 80 80 Average Speed 91 | 76 91 94 Slowest Speed 95 | 95 95 95 Overloaded Moves . | . . . Propulsion Burnouts . | . . . Robots Hopped . | . . . Cave-ins Triggered . | . . . Exploration Rate (%) 30 | 3 49 38 Regions Visited 2 Branch Regions 1 Pre-discovered Areas 1 | . . 1 Known Exits Taken 1 | . 1 . Unknown Exits Taken 1 | 1 . . Scrap Searched 1 | . . 1 Spaces Dug 12 | . . 12 Terrain Destroyed 60 | . . 60 Melee . | . . . Projectile . | . . . AOE 60 | . . 60 Terrain Rammed . | . . . Walls Destroyed . | . . . Machines Disabled . | . . . Actions | -11 -10 -10 --------- Run | Jun Mat Min Total 634 | 69 367 198 Wait 56 | . 44 12 Move 496 | 54 268 174 Hop . | . . . Pick Up 22 | 8 14 . Fast Attach 1 | . 1 . Attach 8 | 6 1 1 Detach . | . . . Swap 5 | 1 4 . Drop 6 | . 6 . Fire 40 | . 29 11 Melee . | . . . Ram . | . . . Kick . | . . . Crush . | . . . Escape Stasis . | . . . Rewire . | . . . Trap . | . . . Miscellaneous . | . . . Route ------- -11/Junkyard -10/Materials (discovered 2 exits: [*Mat] / *Min) -10/Mines (discovered 2 exits: [*Mat x2]) History --------- Turn | Location | Event 27 | -11/Junkyard | Discovered new exit (range 16) 58 | -11/Junkyard | Entered Materials 143 | -10/Materials | Discovered new exit (range 13) 303 | -10/Materials | Build established: Mutant 414 | -10/Materials | Discovered new exit (range 11) 455 | -10/Materials | Identified exit to Mines 461 | -10/Materials | Entered Mines 484 | -10/Mines | Discovered new exit (range 5) 529 | -10/Mines | Discovered new exit (range 13) 573 | -10/Mines | Assisted by bots powering up and referring to "LRC-V3" 587 | -10/Mines | Met a Derelict bent on vengeance 635 | -10/Mines | Learned location of Storage (-7) 636 | -10/Mines | Assembled infested the area 641 | -10/Mines | Assisted by a Guerilla fighting off Assembled 661 | -10/Mines | Core integrity fell below 50% 665 | -10/Mines | Core integrity fell below 20% 669 | -10/Mines | Destroyed by D-53 Grenadier with Mini Grenade Launcher Last Messages --------------- 00651_ as-00621 destroyed. 00652_ Acquired 34 matter. 00654_ as-37060 destroyed. 00654_ as-48585 destroyed. 00654_ as-88707 destroyed. 00655_ Wheel severed. 00656_ Grenade Launcher destroyed. 00659_ Lgt. Armor Plating destroyed. 00660_ The unstable cave ceiling collapses. 00661_ as-40853 destroyed. 00661_ Switching to secondary target: as-42814. 00661_ Hvy. Assault Rifle destroyed. 00663_ Critical hit (Destroy). 00663_ Hvy. Assault Rifle destroyed. 00665_ as-19199 destroyed. 00667_ The unstable cave ceiling collapses. 00668_ C-30 ARC bursts open, deploying its payload. 00669_ as-73804 destroyed. 00669_ as-42814 sneak attacks. 00669_ T-07 Excavator destroyed. Map ----- +----------------------------------------------------+ | ?????????????????????????## ?????# #?????????? | | ????????????????????????# ????# #?????????? | | ?????????????????????????? ???# #?????????? | | ?????????????????????????????# ### ##????????? | | ??????????????????????????????# #????????? | | ??????????????????????????????# #????????? | | ??????????????????????????????## #### #????????? | | ???????????????????????????????##????# #????????? | | ?????????????????????????????????????# ####### #? | | ?????????????????????????????????????# #? | | ????????????????????????????????????## ########?? | | ??????????????????????????????????### #????????? | | ?????????????????????????????????## #######??? | | ????????????????????????????###??# #??? | | ????????????????????????#### #??# | | ???????????????????????## ???# #### #### | | ???????????????????????# ### ##???? #??? | | ???????????????????????# #?????????? | | ???????????????????????# ### ##?????????? | | ???????????????????????# #??## ##??????????? | | ????????????#???????????# #### ###???????????? | | ???????????## ###????????# ##?????????????? | | ??? = #### ####### %### #??????????????? | | ?? % =# d #?#####??????????????? | | ?? %= % % a%== % d #????????????????????? | | ?? % % %%a% a= @ #????????????????????? | | ??? # % ##= ####????????????????????? | | ????? # ### ##????????????????????????? | | ???? ?? ### #### ???????????????????????????? | | ????? ?? % ??# ????????????????????????????? | | ????? #??# ????????????????????????????????? | | ?????????## ?????????????????????????????????? | | ??????????# ?????????????????????????????????? | | ??????????# ?????????????????????????????????? | | ??????????## ??????????????????????????????????? | | ???????????####??????????????????????????????????? | | ?????????????????????????????????????????????????? | | ?????????????????????????????????????????????????? | | ?????????????????????????????????????????????????? | | ?????????????????????????????????????????????????? | | ?????????????????????????????????????????????????? | | ?????????????????????????????????????????????????? | | ?????????????????????????????????????????????????? | | ?????????????????????????????????????????????????? | | ?????????????????????????????????????????????????? | | ?????????????????????????????????????????????????? | | ?????????????????????????????????????????????????? | | ?????????????????????????????????????????????????? | | | | | +----------------------------------------------------+ Best States ------------- Heat Dissipation 25 Energy Generation 10 Energy Capacity 250 Matter Stores 300 Matter Capacity 300 Sight Range 16 Terrain Scan Density 10 Armor Coverage 150 Evasion (%) 44 Item Schematics ----------------- None Robot Schematics ------------------ None Fabricated ------------ Nothing Alien Tech Used ----------------- None Achievements -------------- None Challenges ------------ None Game ------ Seed BehemothConstructBeamcaster Manual? 0 Play Time 00:08:48 Cumulative 71.8 hours Start 2023.04.05 @ 14:15:20 End 2023.04.05 @ 14:21:51 Sessions 1 Manual Loads 0 Difficulty Rogue Special Mode None Game No. 94 Rogue 94 Adventurer 0 Explorer 0 Win Type - Total 0 Types 0/0/0/0/0/0/0/0/0 Lore% 46 Gallery% 46 Achievement% 39 Wizard Run 0 Options --------- ASCII 0 Keyboard 0 Movement Arrows Keybinds 0 Fullscreen 1 Font 12/Smallcaps Map View 83x54 Tactical HUD 1 Map Filters NONE Filters NONE Steam 1 RUN: 0d408e50-e9fb-4a77-8836-0a1a1e17e17c